 Dungeon Crawl Stone Soup version 0.29.1-15-g9cfb28693d (webtiles) character file.

Game seed: 10938667829034629499

12784 brody1818 the Basher (level 11, -2/84 HPs)
             Began as a Demonspawn Gladiator on Mar 13, 2023.
             Succumbed to a gnoll sergeant's poison
             ... on level 10 of the Dungeon.
             The game lasted 00:32:01 (11103 turns).

brody1818 the Basher (Demonspawn Gladiator)        Turns: 11103, Time: 00:32:02

Health: -2/84      AC: 24    Str: 19    XL:     11   Next: 67%
Magic:  11/11      EV: 10    Int:  9    God:
Gold:   527        SH:  5    Dex: 15    Spells: 10/10 levels left

rFire   . . .      SeeInvis +   j - +6 whip (elec)
rCold   . . .      Faith    .   (no shield)
rNeg    . . .      Spirit   .   u - +2 chain mail
rPois   .          Reflect  +   c - +1 helmet
rElec   .          Harm     .   N - scarf {repulsion}
rCorr   .          Rampage  .   (no gloves)
Will    .....                   w - +1 pair of boots
Stlth   ..........              B - amulet of reflection
HPRegen 0.24/turn               i - +4 ring of protection
MPRegen 0.12/turn               I - ring of see invisible

@: mighty, lethally poisoned (-2 -> -17), repel missiles
A: hooves 2, slimy green scales 2, demonic guardian 1, icemail 1, condensation
shield, bedeviling
a: no special abilities


You were on level 10 of the Dungeon.
You visited 1 branch of the dungeon, and saw 10 of its levels.

You collected 527 gold pieces.

Inventory:

Hand Weapons
 b - a +3 trident
 j - a +6 whip of electrocution (weapon)
 z - a +0 short sword of speed
 G - a +1 rapier of venom
 P - a +0 whip of electrocution
 S - a +1 falchion of flaming
 X - a +0 vorpal spear
Missiles
 d - 5 throwing nets (quivered)
Armour
 c - a +1 helmet (worn)
 m - a +2 hat of see invisible
 t - a +2 robe of the Archmagi
 u - a +2 chain mail (worn)
 w - a +1 pair of boots (worn)
 H - a +1 leather armour of poison resistance
 N - a scarf of repulsion (worn)
 V - +0 steam dragon scales
Jewellery
 a - an amulet of reflection
 e - an amulet of regeneration
 i - a +4 ring of protection (left hand)
 k - a ring of fire
 s - an amulet of the acrobat
 B - an amulet of reflection (around neck)
 I - a ring of see invisible (right hand)
 U - a ring of positive energy
 Y - a ring of willpower
Wands
 o - a wand of polymorph (4)
 D - a wand of charming (10)
 M - a wand of roots (9)
Scrolls
 f - 4 scrolls of magic mapping {unknown}
 n - 4 scrolls of blinking {unknown}
 p - a scroll of acquirement {unknown}
 r - a scroll of poison {unknown}
 v - 6 scrolls of teleportation
 y - a scroll of torment {unknown}
 F - 3 scrolls of noise {unknown}
 J - 2 scrolls of vulnerability {unknown}
 K - 3 scrolls of immolation
 L - 3 scrolls of butterflies
 O - a scroll of amnesia {unknown}
 Q - a scroll of fear {unknown}
 R - 2 scrolls of identify
Potions
 g - 3 potions of attraction
 h - a potion of ambrosia {unknown}
 l - a potion of brilliance
 q - 4 potions of mutation
 x - 3 potions of lignification
 A - 2 potions of might
 C - 2 potions of invisibility
 E - 4 potions of degeneration
Miscellaneous
 T - a condenser vane
 W - a piece from Xom's chessboard (15/15)
 Z - a phantom mirror


   Skills:
 * Level 7.5 Fighting
 - Level 3.0(7.6) Axes
 * Level 10.9(11.1) Maces & Flails
 + Level 1.8 Throwing
 * Level 8.7 Armour
 * Level 6.8 Dodging
 + Level 4.4 Shields


You had 10 spell levels left.
You didn't know any spells.
Your spell library contained the following spells:

 Spells                   Type           Power      Damage    Failure   Level
 Apportation              Tloc           0%         N/A       98%         1
 Sandblast                Erth           0%         2d4       98%         1
 Ensorcelled Hibernation  Hex/Ice        0%         N/A       99%         2
 Passwall                 Tmut/Erth      0%         N/A       99%         2
 Dazzling Flash           Conj/Hex       0%         N/A       100%        3
 Frozen Ramparts          Ice            0%         1d1       100%        3
 Stone Arrow              Conj/Erth      0%         3d7       100%        3
 Swiftness                Air            0%         N/A       100%        3
 Ice Form                 Ice/Tmut       0%         N/A       100%        4
 Summon Ice Beast         Ice/Summ       0%         N/A       100%        4
 Agony                    Necr           0%         N/A       100%        5
 Alistair's Intoxication  Tmut/Pois      0%         N/A       100%        5
 Silence                  Hex/Air        0%         N/A       100%        5


Dungeon Overview and Level Annotations

Branches:
Dungeon (10/15)            Temple (0/1) D:6            Lair (0/5) D:9
    Orc (0/2) D:10

Altars:
Gozag
Makhleb
Vehumet


Innate Abilities, Weirdness & Mutations

You have hoof-like feet.
You are mostly covered in slimy green scales. (AC +3)
A weak demonic guardian rushes to your aid.
A meltable icy envelope protects you from harm. (AC +0)
A meltable shield of frost defends you. (SH +0)
Your hexes are more powerful.


Message History

You block the orc warrior's attack. The orc hits you but does no damage.
The gnoll sergeant hits you but does no damage.
You are poisoned.
You whack the orc warrior!
You kill the orc warrior!
You feel sick.
You whack the gnoll!
The gnoll is severely wounded.
You feel sick.
The gnoll sergeant hits you from afar with a +4 spear of freezing.
* * * LOW HITPOINT WARNING * * *
The gnoll sergeant freezes you.
* * * LOW HITPOINT WARNING * * *
You block the gnoll's attack. The gnoll sergeant barely misses you.
The orc barely misses you.
The gnoll sergeant hits you from afar with a +5 trident of venom.
* * * LOW HITPOINT WARNING * * *
You are more poisoned.
You hit the orc.
The orc is moderately wounded.
You feel sick.
You whack the orc!
You kill the orc!
You feel sick.
The gnoll sergeant hits you from afar with a +4 spear of freezing!
* * * LOW HITPOINT WARNING * * *
A demonic guardian appears!
The gnoll sergeant freezes you.
* * * LOW HITPOINT WARNING * * *
The gnoll hits you but does no damage.
The gnoll sergeant hits you but does no damage.
You are more poisoned.
The gnoll sergeant hits you but does no damage.
The orc hits you but does no damage.
You swap places.
* * * LOW HITPOINT WARNING * * *
You feel very sick. The orc misses your hellwing.
The orc closely misses your hellwing.
Your hellwing hits the orc!
The orc dies!
You die...

.#........ ..........# .#........
#............# .#........
#............# .#........
#..[.........# .#....<...
#............# .#........
#............# .#........
#............#
.#.........########............#
.#...^..........@..............##
...........###4###.....>.........
########## #8)og8################


#goggo# #.gK.o# #..)..# #8.!.8# ####### You could see a gnoll sergeant and a
friendly hellwing (summoned).

Vanquished Creatures
  Gastronok (D:9)
  A skeletal warrior (D:8)
  The ghost of croobank the Covert, a novice OpDe (D:8)
  Joseph (D:10)
  Psyche (D:10)
  A gargoyle (D:7)
  An unseen horror (D:10)
  A troll (D:10)
  3 hornets
  A wraith (D:5)
  Grum (D:9)
  29 yaks
  2 steam dragons
  2 vampire mosquitoes (D:10)
  2 wargs (D:9)
  Duvessa (D:5)
  3 water moccasins
  3 orc warriors
  2 ice beasts (D:6)
  4 ogres
  2 centaurs
  2 wolves (D:9)
  A phantom (D:5)
  3 kobold brigands
  3 bullfrogs
  A gnoll sergeant (D:10)
  4 necrophages
  3 scorpions
  Dowan (D:5)
  6 killer bees (D:10)
  A hound (D:6)
  5 orc priests
  A gnoll bouda (D:6)
  3 jellies
  Terence (D:2)
  4 iguanas
  7 orc wizards
  5 gnolls
  8 adders
  A shadow imp (D:6)
  2 white imps (D:7)
  2 ufetubi
  2 worms
  A dart slug (D:3)
  23 orcs
  6 ball pythons
  7 endoplasms
  5 giant cockroaches
  5 goblins
  8 hobgoblins
  11 jackals
  2 quokkas
  6 bats
  3 frilled lizards
  19 kobolds
  8 rats
233 creatures vanquished.

Vanquished Creatures (collateral kills)
  An orc (D:10)
1 creature vanquished.

Vanquished Creatures (others)
  A sky beast (D:7)
1 creature vanquished.

Grand Total: 235 creatures vanquished

Notes
Turn   | Place    | Note
-------+----------+-------------------------------------------
     0 | D:1      | brody1818 the Demonspawn Gladiator began the quest for the
                  | Orb.
     0 | D:1      | Reached XP level 1. HP: 16/16 MP: 1/1
   381 | D:1      | Gained mutation: You have large cloven feet. [demonic
                  | ancestry]
   381 | D:1      | Reached XP level 2. HP: 22/22 MP: 2/2
   708 | D:1      | Reached XP level 3. HP: 27/27 MP: 3/3
  1084 | D:1      | Reached skill level 1 in Armour
  1110 | D:1      | Reached skill level 1 in Maces & Flails
  1570 | D:2      | Reached XP level 4. HP: 34/34 MP: 4/4
  1591 | D:2      | Noticed Terence
  1593 | D:2      | Found a faded altar of an unknown god.
  1596 | D:2      | Killed Terence
  1828 | D:2      | Reached skill level 2 in Maces & Flails
  2307 | D:3      | Found a glowing drain.
  2825 | D:3      | Gained mutation: A weak demonic guardian rushes to your
                  | aid. [demonic ancestry]
  2825 | D:3      | Reached XP level 5. HP: 39/39 MP: 5/5
  3660 | D:4      | Reached skill level 3 in Maces & Flails
  3660 | D:4      | Gained mutation: You have hoof-like feet. [demonic
                  | ancestry]
  3660 | D:4      | Reached XP level 6. HP: 39/46 MP: 6/6
  3775 | D:5      | Entered Level 5 of the Dungeon
  3864 | D:5      | Reached skill level 4 in Maces & Flails
  3951 | D:5      | Gained mutation: You are partially covered in slimy green
                  | scales. (AC +2) [demonic ancestry]
  3951 | D:5      | Reached XP level 7. HP: 46/52 MP: 7/7
  4067 | D:5      | Found an opulent altar of Gozag.
  4195 | D:5      | Noticed Duvessa
  4195 | D:5      | Noticed Dowan
  4200 | D:5      | Killed Duvessa
  4209 | D:5      | Killed Dowan
  4554 | D:5      | Noticed a wraith
  4554 | D:5      | Noticed a yak
  4575 | D:5      | Killed a wraith
  4576 | D:5      | Reached skill level 5 in Maces & Flails
  4585 | D:5      | Killed a yak
  4586 | D:5      | Reached skill level 1 in Shields
  4748 | D:5      | Gained mutation: A meltable shield of frost defends you.
                  | (SH +0) [demonic ancestry]
  4748 | D:5      | Reached XP level 8. HP: 42/60 MP: 8/8
  4964 | D:6      | Found a staircase to the Ecumenical Temple.
  5150 | D:6      | Reached skill level 6 in Maces & Flails
  5306 | D:6      | Found a radiant altar of Vehumet.
  5595 | D:6      | Found a sand-covered staircase.
  5848 | D:7      | Noticed a gargoyle
  5864 | D:7      | Reached skill level 5 in Armour
  5871 | D:7      | Reached skill level 7 in Maces & Flails
  5871 | D:7      | Gained mutation: You are mostly covered in slimy green
                  | scales. (AC +3) [demonic ancestry]
  5871 | D:7      | Reached XP level 9. HP: 34/66 MP: 9/9
  5883 | D:7      | HP: 2/66 [gargoyle/+0 flail (11)]
  6790 | D:7      | Killed a gargoyle
  6969 | D:7      | Reached skill level 5 in Fighting
  7384 | D:8      | Reached skill level 5 in Dodging
  7413 | D:7      | Reached skill level 8 in Maces & Flails
  7863 | D:8      | Gained mutation: A meltable icy envelope protects you from
                  | harm. (AC +0) [demonic ancestry]
  7863 | D:8      | Reached XP level 10. HP: 57/74 MP: 10/10
  8186 | D:8      | Found a runed translucent door.
  8186 | D:8      | Noticed a skeletal warrior
  8187 | D:8      | Noticed croobank's ghost (novice OpDe)
  8192 | D:8      | Killed croobank's ghost
  8210 | D:8      | Killed a skeletal warrior
  8211 | D:8      | Reached skill level 9 in Maces & Flails
  8565 | D:9      | Found a staircase to the Lair.
  9383 | D:9      | Noticed Gastronok
  9420 | D:9      | Reached skill level 10 in Maces & Flails
  9420 | D:9      | Gained mutation: Your hexes are more powerful. [demonic
                  | ancestry]
  9420 | D:9      | Reached XP level 11. HP: 44/83 MP: 11/11
  9432 | D:9      | Killed Gastronok
  9955 | D:9      | Found a burning altar of Makhleb.
  9955 | D:9      | Noticed a balrug
  9958 | D:9      | Noticed Grum
  9984 | D:9      | Killed Grum
 10112 | D:10     | Entered Level 10 of the Dungeon
 10525 | D:10     | Noticed Psyche
 10531 | D:10     | Killed Psyche
 10732 | D:10     | Noticed Joseph
 10740 | D:10     | Killed Joseph
 11065 | D:10     | Found a staircase to the Orcish Mines.
 11102 | D:10     | HP: 1/84 [poisoned by a gnoll sergeant]
 11103 | D:10     | Succumbed to a gnoll sergeant's poison

Illustrated notes

Levels and vault maps discovered:
D:1:      lightli_arrival_maybe_door_vault, layout_loops_corners,
          wad_floor_pattern_untrapped, minmay_misc_feat_five
D:2:      layout_loops_corners, shapermc_ecumenical_altar_notcrosses,
          uniq_terence
D:3:      layout_loops_corners, cheibrodos_sewer_entry_drain,
          minmay_misc_feat_alley
D:4:      layout_rooms
D:5:      kennysheep_big_flooded_room, layout_basic, nicolae_gozag_seed_capital,
          uniq_duvessa
D:6:      layout_basic, minitemple, minmay_temple_entry_mist, enter_ossuary_2,
          columned_hall_lemuel
D:7:      layout_basic, grunt_potential
D:8:      layout_rooms, enter_bailey_2, ebering_ghost_inner_flame
D:9:      layout_basic, makhleb_altar_promises_db, erik_lair_orcish_takeover,
          uniq_grum, uniq_gastronok
D:10:     layout_long_grid, kennysheep_orc_monster_closet_entryway, uniq_psyche,
          uniq_joseph

Skill      XL: |  1  2  3  4  5  6  7  8  9 10 11 |
---------------+----------------------------------+-----
Axes           | 3 |  3.0
Dodging        | 3 4 5 6 |  6.8
Armour         | 1 2 3 4 5 6 7 8 |  8.7
Maces & Flails | 1 2 3 4 5 7 8 10 | 10.9
Fighting       | 3 4 5 6 7 |  7.5
Shields        | 1 2 3 4 |  4.4
Throwing       | |  1.8

Action                   |  1- 3 |  4- 6 |  7- 9 | 10-12 || total
-------------------------+-------+-------+-------+-------++-------
Melee: War axe           |    23 |       |       |       ||    23
       Whip              |    72 |   158 |   264 |   407 ||   901
       Kick              |    12 |     8 |       |       ||    20
       Punch             |       |     2 |     4 |    11 ||    17
  Use: Scroll            |     3 |     6 |     9 |     4 ||    22
       Potion            |       |     1 |     7 |     2 ||    10
 Stab: Sleeping          |     1 |       |       |       ||     1
Armor: Leather armour    |    44 |    12 |       |       ||    56
       Chain mail        |       |    79 |   103 |   206 ||   388
Dodge: Dodged            |    62 |    79 |    62 |   137 ||   340
       Repelled          |       |       |     2 |     1 ||     3
Block: Other             |       |    23 |    86 |   135 ||   244
       Reflection        |       |     1 |     3 |     6 ||    10
